 Dungeon Crawl Stone Soup version 0.22-a0-322-g60b3cfd (webtiles) character file.

455 Kairos the Chopper (level 7, -4/54 HPs)
             Began as a Human Fighter on Apr 5, 2018.
             Killed from afar by an orc wizard (8 damage)
             ... with a magic dart
             ... on level 4 of the Dungeon.
             The game lasted 00:04:01 (2644 turns).

Kairos the Chopper (Human Fighter)                  Turns: 2644, Time: 00:04:01

Health: -4/54      AC:  7    Str: 22    XL:     7   Next: 26%
Magic:  7/7        EV:  8    Int:  8    God:
Gold:   134        SH: 10    Dex: 14    Spells: 6/6 levels left

rFire    . . .     SeeInvis .   a - +0 war axe
rCold    . . .     Gourm    .   c - +0 shield
rNeg     . . .     Faith    .   b - +0 scale mail
rPois    .         Spirit   .   (no helmet)
rElec    .         Reflect  .   (no cloak)
rCorr    .         Harm     .   (no gloves)
MR       .....                  (no boots)
Stlth    ..........             (no amulet)
HPRegen  0.18/turn              (no ring)
MPRegen  0.10/turn              (no ring)

@: mighty, lethally poisoned (-4 -> -8)
A: no striking features
a: no special abilities


You were on level 4 of the Dungeon.
You were not hungry.

You visited 1 branch of the dungeon, and saw 4 of its levels.

You collected 134 gold pieces.

Inventory:

Hand Weapons
 a - a +0 war axe (weapon)
Armour
 b - a +0 scale mail (worn)
 c - a +0 shield (worn)
Wands
 i - a wand of random effects (12)
Scrolls
 e - a scroll of remove curse {unknown}
 g - a scroll of fog {unknown}
 h - a scroll of amnesia
 k - 3 scrolls of teleportation
Potions
 j - 2 potions of agility
Comestibles
 f - 5 rations
 l - a chunk of flesh


   Skills:
 + Level 4.1 Fighting
 + Level 4.8 Axes
 + Level 4.1 Armour
 + Level 1.5 Dodging
 + Level 0.2 Stealth
 + Level 4.2 Shields


You had 6 spell levels left.
You didn't know any spells.

Dungeon Overview and Level Annotations

Branches:
Dungeon (4/15)
 Temple: D:4-7

Altars:
Elyvilon
Fedhas
Vehumet

Annotations:
D:2 exclusion: oklob plant


Message History

The adder is severely wounded.
The adder bites you but does no damage. The adder bites you.
* * * LOW HITPOINT WARNING * * *
You are lethally poisoned!
The adder poisons you!
You closely miss the adder.
The adder is severely wounded.
* * * LOW HITPOINT WARNING * * *
You feel sick. You block the adder's attack.
You slash the adder!
You kill the adder!
* * * LOW HITPOINT WARNING * * *
You feel sick.
Okay, then.
Okay, then.
* * * LOW HITPOINT WARNING * * *
You feel sick.
The orc wizard gestures at you while chanting.
The magic dart hits you!
You die...

#####
#######..?##
........†[.##
#####..).@..#
####.)o..#
##........
#........
#......##
.....###
....## ##..#


You could see an orc wizard.

Vanquished Creatures
  An ice beast (D:3)
  2 orc priests (D:4)
  An orc wizard (D:4)
  Jessica (D:3)
  A worker ant (D:2)
  Robin (D:3)
  8 adders
  3 gnolls (D:3)
  2 oozes (D:1)
  2 worms (D:2)
  2 dart slugs (D:1)
  4 leopard geckos
  An orc (D:4)
  7 giant cockroaches
  14 hobgoblins
  9 jackals
  7 kobolds
  2 quokkas (D:3)
  10 bats
  4 frilled lizards
  7 goblins
  6 rats
95 creatures vanquished.

Notes
Turn   | Place    | Note
-------+----------+-------------------------------------------
     0 | D:1      | Kairos the Human Fighter began the quest for the Orb.
     0 | D:1      | Reached XP level 1. HP: 18/18 MP: 1/1
    76 | D:1      | Reached XP level 2. HP: 22/24 MP: 2/2
   152 | D:1      | Reached XP level 3. HP: 23/29 MP: 3/3
   809 | D:1      | Reached XP level 4. HP: 36/37 MP: 4/4
  1174 | D:2      | Reached XP level 5. HP: 42/42 MP: 5/5
  1406 | D:2      | Found a blossoming altar of Fedhas.
  1431 | D:2      | Noticed an oklob plant
  1529 | D:2      | Found a white marble altar of Elyvilon.
  1914 | D:3      | Noticed an ice beast
  1922 | D:3      | Killed an ice beast
  1922 | D:3      | Reached skill level 1 in Dodging
  1922 | D:3      | Reached XP level 6. HP: 39/48 MP: 6/6
  2338 | D:3      | Noticed Jessica
  2346 | D:3      | Found a radiant altar of Vehumet.
  2355 | D:3      | Killed Jessica
  2483 | D:3      | Noticed Robin
  2495 | D:3      | Killed Robin
  2638 | D:4      | Reached XP level 7. HP: 10/54 MP: 7/7
  2644 | D:4      | Killed from afar by an orc wizard

Vault maps used:
D:1:      eino_arrival_water_cross, nrook_loot_triangle, hangedman_decor_lopped,
          st_stairs_9, roderic_roman_lattice, minmay_surrounded
D:2:      lemuel_doored_altar, minmay_crystal_room, tgw_fedhas
D:3:      marbit_many_paths, first_ration, uniq_robin, uniq_jessica
D:4:      nicolae_ossuary_entry_catacombs

Skill      XL: |  1  2  3  4  5  6 |
---------------+-------------------+-----
Axes           | 3 4 |  4.8
Fighting       | 4 |  4.1
Dodging        | 1 |  1.5
Shields        | 4 |  4.2
Armour         | 4 |  4.1
Stealth        | |  0.2

Action                   |  1- 3 |  4- 6 |  7- 9 || total
-------------------------+-------+-------+-------++-------
Melee: War axe           |    83 |   218 |     5 ||   306
  Use: Potion            |       |     4 |       ||     4
       Scroll            |       |     3 |       ||     3
  Eat: Chunk             |       |     6 |       ||     6
Armor: Scale mail        |    45 |   104 |     3 ||   152
Dodge: Dodged            |    32 |    72 |     1 ||   105
Block: Shield            |    45 |   127 |     5 ||   177

Table legend:
 A = Spawn XP
 B = Non-spawn XP
 C = Spawn XP percentage of total XP
 D = Spawn monster count
 E = Non-spawn monster count
 F = Spawn count percentage of total count
 G = Total turns spent on level
                    A         B        C        D         E        F      G
               +---------+---------+-------+---------+---------+-------+---------
         Total |       0 |     651 |   0.0 |       0 |      95 |   0.0 |  2644
               +---------+---------+-------+---------+---------+-------+---------
           D:1 |       0 |      76 |   0.0 |       0 |      34 |   0.0 |   952
           D:2 |       0 |     146 |   0.0 |       0 |      28 |   0.0 |   970
           D:3 |       0 |     286 |   0.0 |       0 |      28 |   0.0 |   710
           D:4 |       0 |     143 |   0.0 |       0 |       5 |   0.0 |    12
               +---------+---------+-------+---------+---------+-------+---------
